Unix NetHack Version 5.0.0-0 post-release - last build Jul 19 2026 19:10:59 (3aa4ab31751d3886436d94b585a96704892fd477,branch:main).

Game began 2026-07-20 19:09:32, ended 2026-07-20 20:52:51.

Koku, neutral female gnomish Wizard

                                 ---
           ---               -----.--
           |..-               ..!...|
           |...                .....|
            -....               ....--
             ..%.. -    ---      .G..|
              |.....--  |..- -----..-
              |....%..---...--.--.G.--
                `..%.............h@.<|
                -----...............-----------       --
                    ----...............................|
                --- ----.............---     ..........-
                |..................---                 .|
                |.....^.F.--.|....-|                    |
                -......|.- --|..G..|
               -..... ---    |....--
              |.....         --..--
              --..            ----
               ---

Koku the Evoker           St:12 Dx:12 Co:13 In:19 Wi:9 Ch:10  Neutral
Dlvl:3  $:16 HP:0(17) Pw:2(21) AC:9  Xp:2 T:676  Burdened

Latest messages:
 You fail to cast the spell correctly.
 Your nose tingles and you smell food.
 (For instructions type a '?')
 Done.
 Where do you want to travel to?
 (For instructions type a '?')
 You descend the stairs.
 The hobbit throws a dagger!
 You are hit by a dagger.
 In what direction? 2
 The spell hits the hobbit!
 You kill the hobbit!
 s - a dagger.
 The gecko bites!
 Suddenly, the gecko falls through a trap door.
 You kill the gecko!
 The gnome suddenly falls asleep!
 You see a boulder start to roll.
 The boulder hits the jackal!
 The jackal is killed!
 t - a gecko corpse.
 u - a scroll of confuse monster.
 You see here a plate mail.
 You hear crashing rock.
 You have a little trouble lifting a plate mail.  Continue? [ynq] (q) y
 You have a little trouble lifting v - a plate mail.
 Your movements are slowed slightly because of your load.
 Where do you want to travel to?
 (For instructions type a '?')
 The bugbear suddenly falls asleep!
 Where do you want to travel to?
 (For instructions type a '?')
 Where do you want to travel to?
 (For instructions type a '?')
 Can't find dungeon feature '/'.
 Can't find dungeon feature '/'.
 The bugbear hits!
 The bugbear hits!
 In what direction? 4
 The spell misses the bugbear.
 The bugbear hits!
 You don't have enough energy to cast that spell.
 You miss the bugbear.
 The bugbear hits!
 You die...
 Do you want your possessions identified? [ynq] (y) y
 Do you want to see your attributes? [ynq] (y) y
 Do you want an account of creatures vanquished? [ynaq] (y) y
 Do you want to see your conduct and achievements? [ynq] (y) y
 Do you want to see the dungeon overview? [ynq] (y) y

Inventory:
 Coins    ('$')
  $ - 16 gold pieces
 Weapons  (')')
  s - a blessed +3 dagger
  r - a cursed +0 orcish dagger
  a - a blessed +2 quarterstaff (weapon in hands)
 Armor    ('[')
  g - an uncursed +0 helm of caution
  p - an uncursed +0 orcish helm
  b - an uncursed +0 cloak of magic resistance (being worn)
  v - an uncursed +0 plate mail
 Comestibles  ('%')
  q - an uncursed slime mold
  i - an uncursed cram ration
  t - an uncursed gecko corpse
 Scrolls  ('?')
  j - an uncursed scroll of confuse monster
  u - a cursed scroll of confuse monster
  k - an uncursed scroll of light
 Spellbooks  ('+')
  m - a blessed spellbook of detect food
  l - a blessed spellbook of force bolt
 Potions  ('!')
  h - an uncursed potion of extra healing
  f - an uncursed potion of healing
 Rings    ('=')
  d - an uncursed ring of cold resistance
  e - an uncursed ring of fire resistance
 Wands    ('/')
  c - a wand of fire (0:8)
 Tools    ('(')
  n - a magic marker (0:19)
  o - an uncursed mirror

Koku the Wizard's attributes:

Background:
 You were an Evoker, a level 2 female gnomish Wizard.
 You were neutral, on a mission for Thoth
 who was opposed by Ptah (lawful) and Anhur (chaotic).
 You were right-handed.
 You were in the Gnomish Mines, on level 3.
 You entered the dungeon 676 turns ago.
 You had 37 experience points, 3 more were needed to attain level 3.

Basics:
 You had 0 out of 17 hit points.
 You had 2 out of 21 energy points (spell power).
 Your armor class was 9.
 Your wallet contained 16 zorkmids.
 Autopickup was off.

Final Characteristics:
 Your strength was 12 (limit:18/50).
 Your dexterity was 12 (limit:18).
 Your constitution was 13 (limit:18).
 Your intelligence was 19 (limit:19).
 Your wisdom was 9 (limit:18).
 Your charisma was 10 (limit:18).

Final Status:
 You weren't hungry.
 You were burdened; movement was slightly slowed.
 You were wielding a quarterstaff.
 You had basic skill with quarterstaff.

Final Attributes:
 You were fervently aligned.
 You were magic-protected.
 You had infravision.
 You were warded.
 You are dead.

Miscellaneous:
 You didn't encounter any bones levels.
 Total elapsed playing time was 4 minutes and 30 seconds.

Major events:
 Turn
    1: Koku the neutral female gnomish Wizard entered the dungeon
  648: entered the Gnomish Mines
  676: killed by a bugbear

Spells:
 Name                 Level Category     Fail Retention
 force bolt             1   attack         0%  91%-100%
 detect food            2   divination    46%  76%-100%

Skills:
 Fighting Skills
   bare handed combat [Unskilled]
   riding             [Unskilled]
 Weapon Skills
   dagger             [Unskilled]
   knife              [Unskilled]
   axe                [Unskilled]
   short sword        [Unskilled]
   club               [Unskilled]
   mace               [Unskilled]
   quarterstaff       [Basic]
   polearms           [Unskilled]
   spear              [Unskilled]
   trident            [Unskilled]
   sling              [Unskilled]
   dart               [Unskilled]
   shuriken           [Unskilled]
 Spellcasting Skills
   attack spells      [Basic]
   healing spells     [Unskilled]
   divination spells  [Unskilled]
   enchantment spells [Basic]
   clerical spells    [Unskilled]
   escape spells      [Unskilled]
   matter spells      [Unskilled]

Voluntary challenges:
 Character rerolling was not enabled.
 You went without food.
 You were an atheist.
 You never genocided any monsters.
 You never polymorphed an object.
 You never changed form.
 You used no wishes.
Achievements:
 You entered a shop.
 You entered the Gnomish Mines.

 The Dungeons of Doom: levels 1 to 2
    Level 1:
       A fountain.
    Level 2:
       A general store.
       Stairs down to The Gnomish Mines.
 The Gnomish Mines:
    Level 3: <- You were here.
       Final resting place for
          you, killed by a bugbear.


Vanquished creatures:
  a hobbit
  a gecko
  3 jackals
  a fox
  a kobold
  a goblin
  4 grid bugs
  a lichen
  3 newts
16 creatures vanquished.

No species were genocided or became extinct.

Game over:
                       ----------
                      /          \
                     /    REST    \
                    /      IN      \
                   /     PEACE      \
                  /                  \
                  |       Koku       |
                  |      16 Au       |
                  |   killed by a    |
                  |     bugbear      |
                  |                  |
                  |                  |
                  |       2026       |
                 *|     *  *  *      | *
        _________)/\\_//(\/(/\)/\//\/|_)_______

Goodbye Koku the Wizard...

You died in The Gnomish Mines on dungeon level 3 with 263 points,
and 16 pieces of gold, after 676 moves.
You were level 2 with a maximum of 17 hit points when you died.

